cohdb
Replays
Latest Replays
All Replays
Popular Replays
Top Player Replays
Match Explorer
How It Works
Community
CoH3 Stats
Reddit
Sign in to upload your games and track your stats! →
Sign in with Steam
Match 41125257
Unlisted
Match 41125257
Overview
Messages
Build Orders
End
Royal Engineer Section
Selects Australian Defense Battlegroup
Selects Australian Light Infantry Section
Australian Light Infantry Section
Vickers Machine Gun Team
Australian Light Infantry Section
Construct Field Infirmary
Construct Section Command Post
ML 3-inch Mortar Team
Construct Platoon Command Post
Humber Armored Car
Selects 2-pounder Anti-tank Gun Team
6-pounder Anti-tank Gun Team
Australian Light Infantry Section
jdnebel
Dr. T
0
0
Comments
sign in to comment!
No comments posted yet!